 Dungeon Crawl Stone Soup version 0.29.0-11-gd7f09526c8 (webtiles) character file.

Game seed: 11796115953248216193

2354 sanka the Impaler (level 9, -16/68 HPs)
             Began as a Merfolk Berserker on Sept 5, 2022.
             Was a High Priest of Trog.
             Demolished by Eustachio
             ... wielding a +2 falchion of electrocution
              (20 damage)
             ... on level 6 of the Dungeon.
             The game lasted 00:09:44 (7322 turns).

sanka the Impaler (Merfolk Berserker)               Turns: 7322, Time: 00:09:45

Health: -16/68     AC: 11    Str: 20    XL:     9   Next: 44%
Magic:  9/9        EV: 11    Int:  6    God:    Trog [*****.]
Gold:   315        SH:  0    Dex: 15    Spells: 8/8 levels left

rFire   . . .      SeeInvis .   a - +0 halberd
rCold   . . .      Faith    .   (shield currently unavailable)
rNeg    . . .      Spirit   .   m - +0 ring mail
rPois   .          Reflect  .   y - +0 helmet
rElec   .          Harm     .   (no cloak)
rCorr   .          Rampage  .   A - +0 pair of gloves
Will    .....                   (no boots)
Stlth   +.........              (no amulet)
HPRegen 0.21/turn               (no ring)
MPRegen 0.11/turn               w - +4 ring of protection

@: no status effects
A: (nimble swimmer 2), mertail
a: Renounce Religion, Berserk, Trog's Hand, Brothers in Arms


You were on level 6 of the Dungeon.
You worshipped Trog.
Trog was extremely pleased with you.
You visited 1 branch of the dungeon, and saw 6 of its levels.
You also visited: Sewer.

You collected 315 gold pieces.


Innate Abilities, Weirdness & Mutations

((You are very nimble when in or above water. (Stealth+, EV+, Speed+++)))
Your lower body shifts to a powerful aquatic tail in water.


   Skills:
 + Level 5.6 Fighting
 * Level 15.3 Polearms
 - Level 1.3 Armour
 - Level 2.6 Dodging


You had 8 spell levels left.
You didn't know any spells.
Your spell library was empty.

Inventory:

Hand Weapons
 a - a +0 halberd (weapon)
 s - a +0 spear
 u - the +1 short sword of Conformity {vorpal, Contam rF+++ rCorr Str+9}

   It inflicts extra damage upon your enemies.
   Str:       It affects your strength (+9).
   rF:        It renders you almost immune to fire.
   Contam:    It causes magical contamination when unequipped.
   rCorr:     It protects you from acid and corrosion.
 v - a +0 trident
Missiles
 F - a curare-tipped dart {=f}
Armour
 b - a +0 animal skin
 m - a +0 ring mail (worn)
 y - a +0 helmet (worn)
 A - a +0 pair of gloves (worn)
 B - a +0 plate armour
Jewellery
 w - a +4 ring of protection (right hand)
Wands
 C - a wand of iceblast (7)
Scrolls
 c - 8 scrolls of identify {unknown}
 e - a scroll of fear {unknown}
 g - 2 scrolls of magic mapping {unknown}
 h - 2 scrolls of summoning {unknown}
 j - 3 scrolls of poison {unknown}
 k - 2 scrolls of vulnerability {unknown}
 l - 2 scrolls of noise {unknown}
 q - 3 scrolls of teleportation {unknown}
 r - 2 scrolls of enchant weapon {unknown}
 t - a scroll of amnesia {unknown}
Potions
 d - 3 potions of heal wounds {unknown}
 f - 2 potions of curing {unknown}
 i - a potion of degeneration {unknown}
 n - 4 potions of might {unknown}
 o - 2 potions of haste {unknown}
 p - a potion of lignification {unknown}
 x - a potion of brilliance {unknown}
 z - a potion of resistance
 D - a potion of magic {unknown}
 E - a potion of mutation {unknown}

Dungeon Overview and Level Annotations

Branches:
Dungeon (6/15)              Sewer (visited)
 Temple: D:4-7

Altars:
Ashenzari
Cheibriados
Gozag
Qazlal
Wu Jian

Shops:
D:6 =

Annotations:
D:3 2 transporters, MoonlitKnight's ghost, amateur TrGl
D:6 Eustachio

▒▒▒.▒.▒ ....▒.▒ ▒.▒
....▒'▒▒▒.▒ ..........▒
.▒........▒ .▒........▒
.▒........▒
.▒........▒▒▒▒▒▒▒▒▒▒.▒..
..............b5m@brr...
▒▒▒.▒.▒▒▒.▒▒▒▒▒▒▒▒▒▒.▒..
....▒.▒ ▒.▒ ..▒▒▒.▒▒▒.▒
.......▒▒.▒ ▒▒▒.▒..▒▒.▒
▒....▒▒.▒ ▒▒...▒▒.▒
▒▒...▒.▒


You could see Eustachio, an iron imp (summoned), 2 quokkas and 2 bats.


Message History

Unknown command.
You closely miss Eustachio.
Eustachio is heavily wounded.
Eustachio barely misses you.
Unknown command.
You barely miss Eustachio.
Eustachio is heavily wounded.
The iron imp hits you but does no damage.
Eustachio hits you with a +2 falchion of electrocution!
You are electrocuted!!
* * * LOW HITPOINT WARNING * * *
You miss Eustachio.
Eustachio is heavily wounded.
The quokka twitches its whiskers.
Unknown command.
You hit Eustachio.
Eustachio is heavily wounded.
Eustachio hits you with a +2 falchion of electrocution!
* * * LOW HITPOINT WARNING * * *
The iron imp laughs crazily.
The iron imp hits you.
* * * LOW HITPOINT WARNING * * *
Okay, then.
You puncture the iron imp!
The iron imp is severely wounded.
The quokka twitches its whiskers.
Eustachio hits you with a +2 falchion of electrocution.
* * * LOW HITPOINT WARNING * * *
You are electrocuted!!
You die...

Action                   |  1- 3 |  4- 6 |  7- 9 || total
-------------------------+-------+-------+-------++-------
Melee: Spear             |   132 |    87 |       ||   219
       Punch             |     1 |     3 |       ||     4
       Trident           |       |   132 |       ||   132
       Halberd           |       |    14 |   397 ||   411
       Tailslap          |       |       |    20 ||    20
Invok: Berserk           |       |     1 |     1 ||     2
 Stab: Sleeping          |     2 |       |       ||     2
Armor: Animal skin       |    12 |       |       ||    12
       Ring mail         |     5 |    35 |    52 ||    92
Dodge: Dodged            |    57 |    75 |    95 ||   227

Levels and vault maps discovered:
D:1:      matt_arrival_diagonals, layout_rooms
D:2:      layout_rooms, ebering_ecumenical_altar_petrified,
          kennysheep_jessica_study
D:3:      layout_loops_ring, general_overflow_altar, gammafunk_ghost_smash
D:4:      layout_loops_cross
D:5:      minmay_goblin_kobold_castle, layout_basic, uniq_pikel
D:6:      layout_basic, nicolae_overflow_hidden_temple, serial_shops, shop,
          portal_sewer_entry_f, uniq_eustachio

Notes
Turn   | Place    | Note
-------+----------+-------------------------------------------
     0 | D:1      | sanka the Merfolk Berserker began the quest for the Orb.
     0 | D:1      | Reached XP level 1. HP: 18/18 MP: 1/1
   253 | D:1      | Reached XP level 2. HP: 22/24 MP: 2/2
   326 | D:1      | Reached skill level 5 in Polearms
   517 | D:1      | Reached ** piety under Trog
   577 | D:1      | Reached XP level 3. HP: 29/29 MP: 3/3
  1060 | D:2      | Found a faded altar of an unknown god.
  1276 | D:2      | Reached skill level 6 in Polearms
  1461 | D:2      | Noticed Jessica
  1472 | D:2      | Killed Jessica
  1473 | D:2      | Reached XP level 4. HP: 21/35 MP: 4/4
  2225 | D:3      | Found a stormy altar of Qazlal.
  2325 | D:3      | Reached skill level 7 in Polearms
  2376 | D:3      | Noticed a necrophage
  2393 | D:3      | Killed a necrophage
  2394 | D:3      | Reached XP level 5. HP: 12/41 MP: 5/5
  2922 | D:3      | Reached skill level 8 in Polearms
  2951 | D:3      | Found a transporter.
  2951 | D:3      | Found a transporter.
  2952 | D:3      | Noticed MoonlitKnight's ghost (amateur TrGl)
  2956 | D:3      | Noticed an ogre
  2957 | D:3      | Noticed an ogre
  3380 | D:4      | Identified the +1 short sword of Conformity {vorpal, Contam
                  | rF+++ rCorr Str+9}
  3431 | D:4      | Reached XP level 6. HP: 47/47 MP: 6/6
  3458 | D:4      | Reached skill level 9 in Polearms
  4026 | D:3      | Reached *** piety under Trog
  4276 | D:5      | Entered Level 5 of the Dungeon
  4289 | D:5      | Reached skill level 10 in Polearms
  4355 | D:5      | Reached XP level 7. HP: 50/52 MP: 7/7
  4488 | D:5      | Noticed Pikel
  4606 | D:5      | Killed Pikel
  4607 | D:5      | Reached skill level 12 in Polearms
  4607 | D:5      | Reached XP level 8. HP: 38/58 MP: 8/8
  4789 | D:5      | Reached skill level 13 in Polearms
  5450 | D:5      | Reached **** piety under Trog
  5573 | D:5      | Reached skill level 14 in Polearms
  5665 | D:5      | Reached skill level 4 in Fighting
  6197 | D:6      | Reached XP level 9. HP: 66/66 MP: 9/9
  6269 | D:6      | Found a glowing drain.
  6292 | Sewer    | Entered a sewer
  6501 | Sewer    | Reached skill level 5 in Fighting
  6740 | Sewer    | Reached skill level 15 in Polearms
  6827 | Sewer    | Reached ***** piety under Trog
  7135 | D:6      | Found a broken altar of Ashenzari.
  7136 | D:6      | Found a snail-covered altar of Cheibriados.
  7173 | D:6      | Found an opulent altar of Gozag.
  7174 | D:6      | Found an ornate altar of the Wu Jian Council.
  7220 | D:6      | Found Etay's Jewellery Boutique.
  7296 | D:6      | Noticed Eustachio
  7322 | D:6      | HP: 4/68 [Eustachio/+2 falchion of electrocution (4)]
  7322 | D:6      | Demolished by Eustachio

Vanquished Creatures
  Pikel (D:5)
  2 water moccasins
  2 black bears
  2 ogres
  4 lemures (D:5)
  4 kobold brigands (Sewer)
  2 necrophages
  A bullfrog (D:6)
  A scorpion (D:5)
  2 hounds
  A jelly (D:6)
  Jessica (D:2)
  7 iguanas
  2 orc wizards (D:5)
  8 adders
  19 gnolls
  2 river rats (Sewer)
  An ufetubus (D:5)
  4 worms
  3 dart slugs
  11 orcs
  17 endoplasms
  5 giant cockroaches
  7 goblins
  12 hobgoblins
  4 jackals (D:3)
  42 kobolds
  8 quokkas
  13 ball pythons
  5 bats
  3 frilled lizards (D:1)
  9 rats
205 creatures vanquished.

Vanquished Creatures (others)
  A withered plant (D:2)
1 creature vanquished.

Grand Total: 206 creatures vanquished
